 Dungeon Crawl Stone Soup version 0.29.1-1-gd02db6906a (webtiles) character file.

Game seed: 17693352776179548912

144 experimilk the Firebug (level 5, -6/57 HPs)
             Began as a Draconian Fire Elementalist on Oct 22, 2022.
             Killed from afar by an orc wizard (8 damage)
             ... with a magic dart
             ... on level 3 of the Dungeon.
             The game lasted 00:16:24 (4231 turns).

experimilk the Firebug (DrFE)                       Turns: 4231, Time: 00:16:27

Health: -6/57      AC: 22    Str: 10    XL:     5   Next: 5%
Magic:  3/8        EV:  2    Int: 17    God:
Gold:   73         SH:  0    Dex: 12    Spells: 1/8 levels left

rFire   . . .      SeeInvis .   n - +0 trident
rCold   + . .      Faith    .   (no shield)
rNeg    . . .      Spirit   .   (body armour unavailable)
rPois   +          Reflect  .   (helmet currently unavailable)
rElec   .          Harm     .   (cloak currently unavailable)
rCorr   .          Rampage  .   (gloves currently unavailable)
Will    .....      NoTele   +   (boots currently unavailable)
Stlth   ++........              (no amulet)
HPRegen 0.19/turn               g - ring of protection from cold
MPRegen 0.11/turn               (no ring)

@: mighty, brilliant, tree-form, attractive
A: stationary, stasis, torment immunity, boosted hp, AC +5, unfitting armour,
(cold-blooded)
a: no special abilities


You were on level 3 of the Dungeon.
You were a tree.
You visited 1 branch of the dungeon, and saw 3 of its levels.

You collected 73 gold pieces.

Inventory:

Hand Weapons
 n - a +0 trident (weapon)
Armour
 h - a scarf of invisibility (melded)
Jewellery
 g - a ring of protection from cold (left branch)
Potions
 a - a potion of magic
 f - a potion of resistance {unknown}
 i - a potion of berserk rage {unknown}
 j - a potion of heal wounds {unknown}
 k - a potion of lignification
 l - a potion of experience {unknown}
 m - a potion of degeneration {unknown}


   Skills:
 - Level 1.7 Dodging
 - Level 1.7 Stealth
 + Level 2.0 Spellcasting
 * Level 1.5 Conjurations
 * Level 5.1 Fire Magic
 + Level 1.9 Evocations


You had one spell level left.
You knew the following spells:

 Your Spells              Type           Power      Damage    Failure   Level
a - Flame Wave            Conj/Fire      19%        2d7       43%         4
b - Foxfire               Conj/Fire      76%        2x1d7     4%          1
z - Scorch                Fire           56%        2d8       3%          2

Your spell library contained the following spells:

 Spells                   Type           Power      Damage    Failure   Level
 Conjure Flame            Conj/Fire      19%        6-21      14%         3
 Inner Flame              Hex/Fire       15%        N/A       21%         3
 Fireball                 Conj/Fire      9%         3d6       80%         5
 Petrify                  Tmut/Erth      2%         N/A       88%         4
 Iskenderun's Battlesphe  Conj           10%        2d6       96%         5
 Metabolic Englaciation   Hex/Ice        1%         N/A       99%         5
 Conjure Ball Lightning   Conj/Air       3%         3x3d6     100%        6
 Statue Form              Tmut/Erth      1%         N/A       100%        6
 Orb of Destruction       Conj           5%         9d5       100%        7


Dungeon Overview and Level Annotations

Branches:
Dungeon (3/15)

Altars:


Innate Abilities, Weirdness & Mutations

You are a tree.
Your roots penetrate the ground, keeping you stationary.
You cannot be teleported.
You are immune to unholy pain and torment.
Your maximum health is greatly increased.
Your equipment is partially melded.
((Your plain brown scales are hard. (AC +5)))
You cannot fit into any form of body armour.
((You are cold-blooded and may be slowed by cold attacks.))


Message History

You feel clever all of a sudden. The orc priest completely misses you.
Casting: Scorch (safe; 3% risk of failure)
Confirm with . or Enter, or press ? or * to list all spells.
You feel a surge of power!
Flames lash the orc.
You kill the orc!
The orc closely misses you.
The orc priest calls down the wrath of Beogh upon you.
Pain shoots through your body!
* * * LOW HITPOINT WARNING * * *
An orc comes into view. It is wielding a +0 short sword.
Casting: Scorch (safe; 3% risk of failure)
Confirm with . or Enter, or press ? or * to list all spells.
You feel a surge of power!
Flames lash the orc.
You kill the orc!
Something hits you but does no damage. The orc priest hits you with a +0 whip.
* * * LOW HITPOINT WARNING * * *
Unknown command.
It was a potion of lignification.
You turn into a tree.
Your scarf of invisibility melds into your body.
Your roots penetrate the ground.
Something hits you.
* * * LOW HITPOINT WARNING * * *
The orc completely misses you.
The orc priest hits you but does no damage.
It was a potion of might.
You feel very mighty all of a sudden. The orc barely misses you.
Something hits you but does no damage.
The orc priest hits you but does no damage.
It was a potion of curing.
You feel better. Something hits you but does no damage.
The orc hits you but does no damage.
The orc priest invokes the aid of Beogh against you.
Beogh smites you!
* * * LOW HITPOINT WARNING * * *
It was a potion of attraction.
You feel attractive to monsters. The orc hits you but does no damage.
You hear some strange, mumbled words.
A magic dart appears from out of thin air!
The magic dart hits you!
You die...

.....)######## **⌠,⌠** #.##.##
......# *#..>,,**#.#*.#*
......### *#..,,,,,*#.#*,#*
........########*...***,,,###*,**
...............#⌠.⌠**,**⌠,⌠*,*,**
..#.###..########.#***,**+**,*,**
###.####..# #o.* *,,,,,,,*,**
.......##.# #o#* *,,,,,,>*,**
..........# #♣####*,,,,,,,*,**
........÷)# #o{..#***,,,,,,,,,
........).# #.)).# *,,,**,***
.....÷....# #....# *,,,,,,,,,
.##.......## #....# *,,,***,*,
.##........# #....# ***** *,*,
.##.##.###.#####....# *,#.
.......# #..........### *,#.
.......# ########.....# *,#.


You could see an orc priest and 2 orcs.

Vanquished Creatures
  An orc priest (D:2)
  Robin (D:2)
  2 adders (D:3)
  A dart slug (D:3)
  6 orcs
  5 endoplasms
  2 giant cockroaches (D:3)
  13 goblins
  8 hobgoblins
  2 jackals (D:3)
  9 kobolds
  A quokka (D:1)
  7 ball pythons
  5 bats
  5 frilled lizards
  4 rats
72 creatures vanquished.

Vanquished Creatures (others)
  133 foxfires
133 creatures vanquished.

Grand Total: 205 creatures vanquished

Notes
Turn   | Place    | Note
-------+----------+-------------------------------------------
     0 | D:1      | experimilk the Draconian Fire Elementalist began the quest
                  | for the Orb.
     0 | D:1      | Reached XP level 1. HP: 14/14 MP: 3/3
   568 | D:1      | Reached XP level 2. HP: 20/20 MP: 1/5
   614 | D:1      | Learned a level 2 spell: Scorch
  1652 | D:1      | Reached skill level 4 in Fire Magic
  2167 | D:2      | Reached XP level 3. HP: 26/26 MP: 1/6
  2169 | D:2      | Noticed Robin
  2231 | D:2      | Killed Robin
  2232 | D:2      | Reached skill level 1 in Evocations
  2428 | D:2      | Found a faded altar of an unknown god.
  3059 | D:2      | Reached XP level 4. HP: 31/33 MP: 0/7
  3654 | D:3      | Reached skill level 5 in Fire Magic
  3688 | D:3      | Learned a level 4 spell: Flame Wave
  4218 | D:3      | Reached XP level 5. HP: 38/38 MP: 1/8
  4230 | D:3      | HP: 2/57 [orc priest/divine providence (10)]
  4231 | D:3      | Killed from afar by an orc wizard

Illustrated notes

Levels and vault maps discovered:
D:1:      grunt_arrival_crossed_arrows, layout_loops_corners
D:2:      layout_rooms, ebering_ecumenical_altar_petrified, minmay_tetromino_i4,
          uniq_robin
D:3:      layout_basic, hangedman_feature_mirror, grunt_ministairs_8

Skill      XL: |  1  2  3  4 |
---------------+-------------+-----
Fire Magic     | 4 5 |  5.1
Evocations     | 1 |  1.9
Dodging        | |  1.7
Stealth        | |  1.7
Spellcasting   | |  2.0
Conjurations   | |  1.5

Action                   |  1- 3 |  4- 6 || total
-------------------------+-------+-------++-------
Melee: Dagger            |    15 |       ||    15
       Tailslap          |     2 |       ||     2
       Short sword       |    13 |     2 ||    15
       Trident           |       |    16 ||    16
 Cast: Foxfire           |    61 |    23 ||    84
       Scorch            |    10 |    16 ||    26
  Use: Scroll            |     3 |     1 ||     4
       Potion            |       |     6 ||     6
Armor: Skin              |    15 |    19 ||    34
Dodge: Dodged            |    23 |    17 ||    40
